Map: Newkirk Precinct TE (Void)

Players

Neeb

  • Race: Protoss Protoss
  • Spawn Location: 7:00

Scarlett - Winner!

  • Race: Zerg Zerg
  • Spawn Location: 5:00

Event: NationWars IV

VOD

https://youtu.be/nsnw0dexPbg

Description

Time

  • Played on: Jan. 7, 2017, 12:49 p.m.
  • Length: 6:02

All games in this series

Show
View Real Time Build Order
Export as new Build Order

Neeb Protoss 

Build Orders: 1 Gate Expand, Mass Adepts 

Get SALT Encoding   

  12  0:00  Probe (Chrono Boost)  
  13  0:11  Probe (Chrono Boost)  
  14  0:18  Pylon  
  14  0:22  Probe (Chrono Boost)  
  15  0:36  Probe (Chrono Boost)  
  15  0:39  Gateway  
  16  0:47  Probe (Chrono Boost)  
  16  0:48  Assimilator  
  17  0:57  Probe (Chrono Boost)  
  18  1:08  Probe (Chrono Boost)  
  19  1:22  Nexus  
  19  1:26  Probe (Chrono Boost)  
  20  1:35  Cybernetics Core  
  20  1:39  Probe (Chrono Boost)  
  21  1:45  Assimilator  
  21  1:50  Probe (Chrono Boost)  
  21  1:53  Pylon  
  22  2:00  Probe (Chrono Boost)  
  23  2:04  Warp Gate  
  23  2:08  Adept  
  23  2:13  Probe (Chrono Boost)  
  26  2:25  Probe (Chrono Boost)  
  26  2:26  Twilight Council  
  27  2:33  Stalker  
  27  2:35  Probe (Chrono Boost)  
  31  2:37  Probe (Chrono Boost)  
  31  2:45  Probe (Chrono Boost)  
  31  2:50  Probe (Chrono Boost)  
  33  2:54  Resonating Glaives  
  33  2:56  Probe (Chrono Boost)  
  34  3:02  Probe (Chrono Boost)  
  35  3:09  Gateway  
  35  3:11  Gateway  
  36  3:14  Probe (Chrono Boost)  
  36  3:16  Probe (Chrono Boost)  
  36  3:18  Adept  
  39  3:24  Pylon  
  40  3:29  Probe (Chrono Boost)  
  40  3:34  Mothership Core (Chrono Boost)  
  42  3:41  Probe (Chrono Boost)  
  43  3:44  Pylon  
  43  3:51  Assimilator  
  43  3:52  Probe (Chrono Boost)  
  43  3:53  Probe (Chrono Boost)  
  45  4:03  Probe (Chrono Boost)  
  45  4:04  Probe (Chrono Boost)  
  45  4:06  Adept x2  
  45  4:07  Adept  
  53  4:11  Stargate  
  53  4:14  Probe (Chrono Boost)  
  53  4:16  Probe (Chrono Boost)  
  55  4:18  Pylon  
  55  4:26  Adept, Probe (Chrono Boost)  
  55  4:27  Adept x2  
  62  4:35  Assimilator  
  62  4:37  Probe (Chrono Boost), Pylon  
  63  4:40  Probe (Chrono Boost)  
  64  4:47  Probe (Chrono Boost)  
  64  4:48  Adept x2  
  64  4:51  Probe (Chrono Boost)  
  70  4:54  Oracle  
  65  5:10  Probe (Chrono Boost)  
  65  5:11  Probe (Chrono Boost)  
  59  5:16  Fleet Beacon  
  59  5:17  Stargate  
  59  5:22  Adept x2  
  59  5:24  Probe (Chrono Boost)  
  59  5:25  Probe (Chrono Boost)  
  65  5:29  Adept  
  67  5:45  Adept  
  67  5:46  Adept  
  56  5:58  Pylon x2  
Show
View Real Time Build Order
Export as new Build Order

Scarlett Zerg - Winner!

Build Orders: Hatch First, Zergling Baneling 

Get SALT Encoding   

  12  0:00  Drone  
  13  0:12  Overlord  
  13  0:17  Drone  
  14  0:31  Drone x2  
  14  0:35  Drone  
  17  0:52  Hatchery  
  17  0:55  Drone  
  17  0:58  Drone  
  17  1:02  Extractor  
  17  1:15  Spawning Pool  
  17  1:17  Drone  
  17  1:21  Drone  
  18  1:29  Drone  
  19  1:38  Overlord  
  19  1:51  Drone  
  20  2:02  Metabolic Boost, Queen  
  20  2:04  Queen  
  20  2:07  Drone  
  25  2:10  Drone  
  25  2:13  Drone  
  27  2:16  Drone  
  28  2:25  Evolution Chamber  
  28  2:26  Zergling x4  
  29  2:38  Drone x2  
  31  2:49  Hatchery  
  30  2:55  Zerg Melee Weapons Level 1  
  30  3:01  Overlord  
  30  3:03  Drone  
  30  3:04  Drone  
  32  3:07  Drone  
  32  3:10  Drone  
  32  3:12  Drone  
  35  3:17  Drone  
  35  3:18  Overlord  
  36  3:21  Drone  
  36  3:25  Drone  
  38  3:28  Drone x2  
  38  3:34  Queen  
  40  3:37  Drone  
  40  3:38  Drone  
  44  3:42  Baneling Nest  
  44  3:48  Drone x3  
  46  3:51  Drone  
  46  3:52  Drone  
  46  3:54  Extractor, Zergling x2  
  48  3:59  Overlord  
  48  4:04  Queen  
  48  4:09  Zergling x2  
  53  4:10  Zergling x4  
  53  4:14  Overlord  
  53  4:16  Zergling x4  
  55  4:23  Overlord  
  55  4:27  Baneling x3  
  55  4:30  Zergling x2  
  55  4:31  Zergling x6  
  59  4:32  Baneling x2  
  59  4:33  Baneling x3  
  59  4:36  Zergling x2  
  59  4:37  Zergling x4  
  62  4:41  Zergling x6  
  65  4:55  Zergling x12  
  65  5:09  Zergling x12  
  65  5:12  Zergling x6  
  73  5:17  Overlord  
  73  5:21  Baneling x10  
  73  5:23  Baneling x2  
  73  5:24  Zergling x4  
  75  5:31  Zergling x2  
  75  5:32  Zergling x4  
  78  5:38  Overlord  
Tags
 
Add a new tag
Caveats
  • Supply blocks, unpowered buildings, or Contaminate may cause inaccurate times.
  • Supply counts are checked every 10 seconds.